 Dungeon Crawl Stone Soup version 0.24.0-37-gcf1ca852f1 (webtiles) character file.

Game seed: 16599233971382263719, levelgen mode: deterministic

925 Delamore the Cleaver (level 8, -11/64 HPs)
             Began as a Hill Orc Fighter on Nov 29, 2019.
             Mangled by an ogre
             ... wielding a +0 giant spiked club
              (14 damage)
             ... on level 4 of the Dungeon.
             The game lasted 00:03:22 (3254 turns).

Delamore the Cleaver (Hill Orc Fighter)             Turns: 3254, Time: 00:03:23

Health: -11/64     AC:  8    Str: 21    XL:     8   Next: 10%
Magic:  8/8        EV:  7    Int:  8    God:
Gold:   235        SH:  9    Dex: 10    Spells: 7/7 levels left

rFire    . . .     SeeInvis .   a - +0 war axe
rCold    . . .     Gourm    .   c - +0 shield
rNeg     . . .     Faith    .   b - +0 scale mail
rPois    .         Spirit   .   (no helmet)
rElec    .         Reflect  .   (no cloak)
rCorr    .         Harm     .   g - +0 pair of gloves
MR       .....                  (no boots)
Stlth    ..........             (no amulet)
HPRegen  0.20/turn              (no ring)
MPRegen  0.11/turn              (no ring)

@: no status effects
A: no striking features
a: no special abilities


You were on level 4 of the Dungeon.
You were not hungry.

You visited 1 branch of the dungeon, and saw 4 of its levels.

You collected 235 gold pieces.

Inventory:

Hand Weapons
 a - a +0 war axe (weapon)
Missiles
 j - 2 throwing nets
 x - 14 poisoned darts (quivered)
Armour
 b - a +0 scale mail (worn)
 c - a +0 shield (worn)
 g - a +0 pair of gloves (worn)
Jewellery
 i - a cursed -2 ring of strength {unknown}
Scrolls
 e - a scroll of remove curse {unknown}
 h - 2 scrolls of identify {unknown}
 k - 2 scrolls of enchant armour {unknown}
 l - 3 scrolls of magic mapping {unknown}
 m - 2 scrolls of fog {unknown}
 p - a scroll of noise {unknown}
 r - 4 scrolls of enchant weapon {unknown}
 t - a scroll of teleportation {unknown}
 y - a scroll of immolation {unknown}
 A - a scroll of fear {unknown}
Potions
 d - a potion of might
 n - 2 potions of brilliance {unknown}
 o - 2 potions of magic {unknown}
 q - a potion of ambrosia {unknown}
 s - a potion of lignification {unknown}
 u - 2 potions of degeneration {unknown}
 v - a potion of flight {unknown}
 w - a potion of agility {unknown}
Comestibles
 f - 9 rations


   Skills:
 - Level 3.6 Fighting
 + Level 11.8 Axes
 - Level 3.2 Armour
 - Level 3.2 Shields


You had 7 spell levels left.
You didn't know any spells.
Your spell library contained the following spells:

 Spells                   Type           Power        Failure   Level  Hunger
 Summon Small Mammal      Summ           #...         99%         1    ##.....
 Call Imp                 Summ           #.......     100%        2    ###....
 Call Canine Familiar     Summ           #.......     100%        3    ####...
 Summon Guardian Golem    Hex/Summ       #.......     100%        3    ####...
 Summon Ice Beast         Ice/Summ       #.......     100%        4    #####..
 Summon Lightning Spire   Summ/Air       #.......     100%        4    #####..


Dungeon Overview and Level Annotations

Branches:
Dungeon (4/15)
 Temple: D:4-7

Altars:
Cheibriados
Dithmenos
Elyvilon
Gozag
Vehumet
The Shining One

Annotations:
D:4 exclusion: statue


Message History

You are too injured to fight recklessly!
You are too injured to fight recklessly!
You are too injured to fight recklessly!
You closely miss the ogre.
The ogre is almost dead.
The ogre hits you with a +0 giant spiked club.
* * * LOW HITPOINT WARNING * * *
You barely miss the ogre.
The ogre is almost dead.
You hit the ogre.
The ogre is almost dead.
The ogre hits you with a +0 giant spiked club!
* * * LOW HITPOINT WARNING * * *
Your shield and scale mail prevent you from hitting the ogre.
The ogre is almost dead.
You block the ogre's attack.
You closely miss the ogre.
The ogre is almost dead.
The ogre hits you with a +0 giant spiked club!
You die...

#......#
#......#
#......####
#.........#
#########.#
#.# ####
#.# ...
#.####O#
#)...@.#
########


You could see an ogre.

Vanquished Creatures
  Pikel (D:4)
  Grinder (D:4)
  4 slaves
  An orc priest (D:2)
  Natasha (thrice) (D:2)
  A hound skeleton (D:4)
  4 gnolls (D:4)
  5 adders
  2 oozes
  2 worms (D:3)
  2 dart slugs
  3 orcs
  5 giant cockroaches
  11 goblins
  7 hobgoblins
  3 jackals (D:4)
  8 kobolds
  A quokka (D:2)
  A ball python (D:1)
  2 bats
  2 frilled lizards
  9 rats
78 creatures vanquished.

Notes
Turn   | Place    | Note
-------+----------+-------------------------------------------
     0 | D:1      | Delamore the Hill Orc Fighter began the quest for the Orb.
     0 | D:1      | Reached XP level 1. HP: 19/19 MP: 1/1
    39 | D:1      | Reached skill level 3 in Axes
   167 | D:1      | Reached XP level 2. HP: 26/26 MP: 2/2
   195 | D:1      | Reached skill level 4 in Axes
   626 | D:2      | Reached skill level 5 in Axes
   626 | D:2      | Reached XP level 3. HP: 30/31 MP: 3/3
   678 | D:2      | Reached XP level 4. HP: 39/39 MP: 4/4
   989 | D:2      | Noticed Natasha
   998 | D:2      | Killed Natasha
   998 | D:2      | Reached skill level 6 in Axes
  1010 | D:2      | Noticed Natasha
  1017 | D:2      | Killed Natasha
  1017 | D:2      | Reached XP level 5. HP: 39/45 MP: 5/5
  1183 | D:2      | Reached skill level 7 in Axes
  1319 | D:2      | Noticed Natasha
  1325 | D:2      | Killed Natasha
  1558 | D:3      | Found a snail-covered altar of Cheibriados.
  1775 | D:3      | Found an opulent altar of Gozag.
  2130 | D:3      | Found a glowing golden altar of the Shining One.
  2287 | D:4      | Noticed a slave
  2289 | D:4      | Noticed a slave
  2291 | D:4      | Reached skill level 8 in Axes
  2291 | D:4      | Reached XP level 6. HP: 50/51 MP: 6/6
  2293 | D:4      | Noticed a slave
  2295 | D:4      | Noticed a slave
  2295 | D:4      | Noticed Pikel
  2325 | D:3      | Killed a slave
  2390 | D:4      | Killed a slave
  2401 | D:3      | Killed a slave
  2510 | D:4      | Killed a slave
  2842 | D:4      | Killed Pikel
  2842 | D:4      | Reached skill level 10 in Axes
  2842 | D:4      | Reached XP level 7. HP: 39/57 MP: 7/7
  2893 | D:4      | Found a shadowy altar of Dithmenos.
  2906 | D:4      | Reached skill level 11 in Axes
  2951 | D:4      | Found a white marble altar of Elyvilon.
  3073 | D:4      | Found a radiant altar of Vehumet.
  3074 | D:4      | Noticed Grinder
  3084 | D:4      | Paralysed by Grinder for 4 turns
  3096 | D:4      | Paralysed by Grinder for 2 turns
  3099 | D:4      | Killed Grinder
  3099 | D:4      | Reached XP level 8. HP: 39/64 MP: 8/8
  3252 | D:4      | HP: 3/64 [ogre/+0 giant spiked club (12)]
  3254 | D:4      | Mangled by an ogre

Levels and vault maps discovered:
D:1:      lemuel_arrival_muddy, layout_basic, serial_bayou, serial_bayou_pond_e,
          serial_bayou_pond_a, serial_bayou_ford_a, serial_bayou_pond_c
D:2:      layout_basic, uniq_natasha
D:3:      layout_loops_ring, kennysheep_slug_shrine,
          nicolae_overflow_hidden_temple, lemuel_crystal_altar, st_stairs_1,
          minmay_misc_feat_tiny
D:4:      lemuel_upstairs_altar, layout_basic, elyvilon_altar_5, vehumet_statue,
          grunt_dithmenos_smoke_and_mirrors, uniq_grinder, uniq_pikel

Skill      XL: |  1  2  3  4  5  6  7 |
---------------+----------------------+-----
Axes           | 3 5 6 8 10 11 | 11.8
Fighting       | |  3.6
Armour         | |  3.2
Shields        | |  3.2

Action                   |  1- 3 |  4- 6 |  7- 9 || total
-------------------------+-------+-------+-------++-------
Melee: War axe           |    41 |   229 |    33 ||   303
  Eat: Chunk             |       |     7 |     1 ||     8
Armor: Scale mail        |    20 |    63 |     6 ||    89
Dodge: Dodged            |    11 |    51 |     4 ||    66
Block: Shield            |    20 |    98 |     6 ||   124
